 Zot Defence DCSS version 0.15.2 (webtiles) character file.

193 stupendous the Shield-Bearer (level 6, 0/1 (49) HPs)
             Began as a Formicid Fighter on Apr 11, 2019.
             Rotted away (an ooze)
             ... in the Realm of Zot (Scenario IV: Columnade).
             The game lasted 00:02:14 (405 turns).

stupendous the Shield-Bearer (Formicid Fighter)      Turns: 405, Time: 00:02:14

HP   0/1 (49)    AC  7     Str 21      XL: 6   Next:  2%
MP   8/8         EV  7     Int  8      God:
Gold 0           SH 10     Dex 11      Spells:  0 memorised,  5 levels left

rFire  . . .     SeeInvis +     a - +0 war axe
rCold  . . .     Clarity  .     b - +0 scale mail
rNeg   . . .     rCorr    .     c - +0 shield
rPois  .         rRot     .     (helmet unavailable)
rElec  .         Spirit   .     (no cloak)
SustAb .         Warding  .     (no gloves)
rMut   .         Stasis   +     (no boots)
Gourm  .                        (no amulet)
MR     .....                    (no ring)
                                (no ring)

@: not resistant to hostile enchantments, extremely unstealthy
A: permanent stasis, dig shafts and tunnels, four strong arms, antennae 3
a: Make oklob sapling, Make arrow trap, Make plant, Remove Curse, Make burning
bush, Make altar, Make grenades, Dig


You were in the Realm of Zot.
You were not hungry.

You visited 1 branch

Inventory:

Hand weapons
 a - a +0 war axe (weapon)
Armour
 b - a +0 scale mail (worn)
 c - a +0 shield (worn)
Comestibles
 f - a bread ration
Potions
 d - 3 potions of curing
 e - a potion of might
 g - a potion of heal wounds
 i - 2 potions of magic


   Skills:
 + Level 4.4 Fighting
 + Level 3.2 Axes
 + Level 4.3 Armour
 + Level 4.8 Shields


You had 5 spell levels left.
You didn't know any spells.

Dungeon Overview and Level Annotations

Branches:
    Zot (1/1)

Altars:


Innate Abilities, Weirdness & Mutations

Your are under a permanent stasis effect.
You can dig through walls and to a lower floor.
Your four strong arms can wield two-handed weapons with a shield.
You have a pair of large antennae on your head (SInv).


Message History

Your flesh rots away as the Orb of Zot is desecrated. x3
Your flesh rots away as the Orb of Zot is desecrated.
You sense that a powerful threat has arrived.
Ponueps is no longer bleeding.
Ponueps hits your oklob sapling with a dire flail!
Ponueps hits your oklob sapling with a giant club.
Ponueps hits your oklob sapling with a dire flail!
Ponueps hits your oklob sapling with a giant club.
Your flesh rots away as the Orb of Zot is desecrated.
Your oklob sapling spits acid at Ponueps.
The splash of acid hits Ponueps.
Your flesh rots away as the Orb of Zot is desecrated.
An ooze comes into view.
Ponueps hits your oklob sapling with a dire flail.
Your oklob sapling is destroyed!
Your flesh rots away as the Orb of Zot is desecrated. x2
Your flesh rots away as the Orb of Zot is desecrated. x2
Your flesh rots away as the Orb of Zot is desecrated.
Ouch! That really hurt!
You die...

▓▓▓▓▓▓▓▓▓ ▓▓▓▓▓ ▓▓...(...▓▓
▓▓▓▓▓ ▓)})▓ ▓▓....%..(.▓▓ ▓∆∆∆▓
▓∆|)▓▓ ▓......(....▓ ▓▓∆∆∆▓
▓▓▓▓▓▓▓▓▓▓...%OJ%....▓▓▓▓▓▓▓▓▓▓
▓▓............%)J%.....▓▓
▓....%...........%....▓
▓...▓▓▓▓.......▓▓▓▓...▓
▓▓...▓▓▓▓...@.▓▓▓▓...▓▓
▓▓...▓▓▓▓...▓▓▓▓...▓▓
▓▓...▓▓▓▓▓▓▓▓▓...▓▓ ▓▓...▓▓
▓▓...▓▓ ▓▓...▓▓ ▓▓...▓▓ ▓▓▓▓▓
▓▓...▓▓▓...▓▓ ▓▓▓▓▓ ▓...▓
▓▓...▓...▓▓ ▓...▓▓ ....▓
▓▓..▓..▓▓ ▓....▓▓ ....▓ ▓..▓..▓
▓......


You could see Ponueps the two-headed ogre and 2 oozes.

Vanquished Creatures
  A centaur (Zot)
  2 bats (Zot)
  4 giant cockroaches (Zot)
  A goblin (Zot)
8 creatures vanquished.

Vanquished Creatures (collateral kills)
  A bat (Zot)
  A giant cockroach (Zot)
  3 ball pythons (Zot)
  A giant newt (Zot)
  6 goblins (Zot)
12 creatures vanquished.

Vanquished Creatures (others)
  An oklob sapling (Zot)
1 creature vanquished.

Grand Total: 21 creatures vanquished

Notes
Turn   | Place    | Note
--------------------------------------------------------------
     0 | Zot      | stupendous, the Formicid Fighter, began the quest for the Orb.
     0 | Zot      | Reached XP level 1. HP: 18/18 MP: 1/1
   241 | Zot      | Reached XP level 2. HP: 24/24 MP: 3/3
   252 | Zot      | Noticed Jihiemom
   262 | Zot      | Killed Jihiemom the centaur
   262 | Zot      | Reached skill level 4 in Fighting
   262 | Zot      | Reached XP level 3. HP: 4/9 MP: 4/4
   262 | Zot      | Reached XP level 4. HP: 7/16 MP: 5/5
   262 | Zot      | Reached XP level 5. HP: 9/21 MP: 7/7
   360 | Zot      | Reached XP level 6. HP: 17/17 MP: 8/8
   391 | Zot      | Noticed Ponueps
   405 | Zot      | Rotted away (an ooze)

Action                   |  1- 3 |  4- 6 || total
-------------------------+-------+-------++-------
Melee: War axe           |    25 |     3 ||    28
 Abil: Make oklob saplin |     1 |       ||     1
